 Dungeon Crawl Stone Soup version 0.31-a0-1074-g0b22e4e0f1 (console) character file.

Game seed: 15095244725612973483

16 petzl the Sneak (level 2, 0/24 HPs)
             Began as a Formicid Delver on Dec 6, 2023.
             Succumbed to an adder's poison
             ... on level 6 of the Dungeon.
             The game lasted 00:03:54 (558 turns).

petzl the Sneak (Formicid Delver)                    Turns: 558, Time: 00:03:54

Health: 0/24       AC:  3    Str: 16    XL:     2   Next: 75%
Magic:  5/5        EV: 12    Int:  9    God:
Gold:   43         SH:  0    Dex: 15    Spells: 5/5 levels left

rFire   . . .        a - +0 mace
rCold   . . .        (no shield)
rNeg    . . .        b - +0 leather armour
rPois   .            (helmet unavailable)
rElec   .            (no cloak)
rCorr   .            (no gloves)
SInv    +            (no boots)
Will    .....        (no amulet)
Stlth   +++          (no ring)
HPRegen 0.24/turn    (no ring)
MPRegen 0.09/turn

%: no passive effects
@: lethally poisoned (0 -> -3)
A: permanent stasis, dig shafts and tunnels, antennae 3, four strong arms
a: Dig, Shaft Self


You were on level 6 of the Dungeon.
You visited 1 branch of the dungeon, and saw 5 of its levels.

You collected 43 gold pieces.

Inventory:

Hand Weapons
 a - a +0 mace (weapon)
Armour
 b - a +0 leather armour (worn)
Wands
 f - a wand of digging (2)
Scrolls
 c - a scroll of fog
 d - a scroll of revelation


   Skills:
 - Level 3.2 Fighting
 - Level 2.0 Maces & Flails
 - Level 1.7 Dodging
 - Level 6.0 Stealth
 + Level 2.1 Spellcasting


You had 5 spell levels left.
You didn't know any spells.
Your spell library contained the following spells:

 Spells                   Type           Power      Damage    Failure   Level
 Sublimation of Blood     Necr           0%         N/A       52%         2
 Petrify                  Tmut/Erth      0%         N/A       99%         4
 Irradiate                Conj/Tmut      0%         3d11      100%        5


Dungeon Overview and Level Annotations

Branches:
Dungeon (8/15)
 Temple: D:4-7         Lair: D:8-11

Altars:

Annotations:
D:4 exclusions: downstairs and sensed monster (detected)
D:5 exclusions: downstairs and scorpion, Pikel
D:6 exclusion: downstairs


Innate Abilities, Weirdness & Mutations

You cannot be hasted, slowed, berserked, paralysed or teleported.
You can dig through walls and to a lower floor.
You have a pair of large antennae on your head. (SInv)
Your four strong arms can wield two-handed weapons with a shield.


Message History

The adder bites you.
You are poisoned.
The adder poisons you! The adder misses you.
You closely miss the adder.
The adder is almost dead.
You feel very sick. The adder bites you.
You closely miss the adder.
The adder is almost dead.
You feel sick. The adder bites you.
* * * LOW HITPOINT WARNING * * *
The adder barely misses you.
You closely miss the adder.
The adder is almost dead.
You feel sick. The adder bites you but does no damage.
The adder barely misses you.
You miss the adder.
The adder is almost dead.
You feel sick. The adder barely misses you.
You hit the adder but do no damage.
The adder is almost dead.
You hear the quick hiss of an avalanche of sand nearby.
You feel sick.
You are no longer poisoned.
The adder barely misses you. The adder bites you.
* * * LOW HITPOINT WARNING * * *
You are lethally poisoned!
The adder poisons you!
You aren't carrying any potions.
Unknown command.
Unknown command.
As you read the scroll labelled ZUHYAHE QAETH, it crumbles to dust.
It is a scroll of amnesia.
You feel forgetful for a moment.
* * * LOW HITPOINT WARNING * * *
You feel sick. The adder completely misses you.
Unknown command.
You closely miss the adder.
The adder is almost dead.
You die...

.# .. ### .# #..
.. #.# .# #.# .#
#.###.# #.#...##.#
#........#
####.######
#........#
#.##.###.# #.##.#
#.##.# #.##..
#.#### #.######.#
#..@S....#
########## ## (#
.# .###########
.......z...#
##########.# #.#
#.# #.# #.# # #.#
## ####z# .##
##.##.#
..####...#.######
..'...............


You could see an adder.

Vanquished Creatures
  A lemure (D:5)
  An adder (D:4)
  A worm (D:4)
  An orc (D:4)
  A jackal (D:4)
5 creatures vanquished.

Notes
Turn   | Place    | Note
-------+----------+-------------------------------------------
     0 | D:5      | petzl the Formicid Delver began the quest for the Orb.
     0 | D:5      | Reached XP level 1. HP: 18/18 MP: 1/1
    14 | D:7      | Noticed a jelly
    39 | D:6      | Noticed a wight
    55 | D:5      | Noticed a scorpion
    77 | D:5      | Noticed a sleepcap
    78 | D:5      | Noticed a lemure
    80 | D:5      | Noticed a lemure
    82 | D:5      | Noticed Pikel
    94 | D:4      | Reached skill level 1 in Spellcasting
    94 | D:4      | Reached XP level 2. HP: 20/24 MP: 1/4
   105 | D:4      | You fall into a shaft and drop 3 floors!
   197 | D:7      | Noticed a howler monkey
   205 | D:8      | Noticed a wyvern
   279 | D:5      | Noticed a lemure
   313 | D:5      | Killed a lemure
   405 | D:5      | Noticed a howler monkey
   458 | D:4      | You fall into a shaft and drop 2 floors!
   557 | D:6      | HP: 1/24 [poisoned by an adder]
   558 | D:6      | Succumbed to an adder's poison

Illustrated notes

Levels and vault maps discovered:
D:4:      layout_loops_ring, grunt_qazlal_sundering, uniq_robin, uniq_edmund,
          uniq_sigmund
D:5:      layout_loops_ring, jmf_multi_god_temple2, minmay_manual_moon,
          uniq_eustachio, uniq_pikel, uniq_prince_ribbit1
D:6:      layout_loops_corners, enter_ossuary_1, uniq_maggie
D:7:      layout_basic, marbit_many_paths, minmay_temple_entry_ruins
D:8:      layout_basic, serial_shops, nicolae_take_the_stairs,
          nicolae_nh_oracle_at_delphi

Skill      XL: |  1  2 |
---------------+-------+-----
Spellcasting   | 1 2 |  2.1
Fighting       | |  3.2
Maces & Flails | |  2.0
Dodging        | |  1.7
Stealth        | |  6.0

Action                     || total
---------------------------++-------
  Melee: Mace              ||    49
         Punch             ||     2
Ability: Shaft Self        ||     2
  Evoke: Wand              ||     1
    Use: Scroll            ||     2
 Armour: Leather armour    ||    39
  Dodge: Dodged            ||    37

Table legend: (Time is in decaauts)
 A = Elapsed time spent in this place.
 B = Non-inter-level travel time spent in this place.
 C = Inter-level travel time spent in this place.
 D = Time resting spent in this place.
 E = Time spent auto-exploring this place.
 F = Levels seen in this place.
 G = Mean time per level.
                   A        B        C        D        E       F      G
               +--------+--------+--------+--------+--------+-----+--------+
         Total |    573 |    573 |      0 |    190 |     24 |   5 |  114.6 |
       Dungeon |    573 |    573 |      0 |    190 |     24 |   5 |  114.6 |
               +--------+--------+--------+--------+--------+-----+--------+

Top non-repeatable levels by time:
     D:6: 186 daAuts
     D:5: 184 daAuts
     D:7: 120 daAuts
     D:4: 80 daAuts
     D:8: 2 daAuts
